 Dungeon Crawl Stone Soup version 0.29.1-1-gd02db6906a (webtiles) character file.

Game seed: 14226536721840466627

741 raistware the Destroyer (level 7, -12/41 HPs)
             Began as an Octopode Conjurer on Sept 29, 2022.
             Mangled by a wraith (13 damage)
             ... on level 6 of the Dungeon.
             The game lasted 00:12:29 (6314 turns).

raistware the Destroyer (Octopode Conjurer)         Turns: 6314, Time: 00:12:30

Health: -12/41     AC:  1    Str:  5 (7)  XL:     7   Next: 75%
Magic:  1/13       EV: 12    Int: 20 (22) God:
Gold:   296        SH:  0    Dex:  7 (10) Spells: 9/14 levels left

rFire   + . .      SeeInvis .   q - staff of conjuration
rCold   x . .      Faith    .   (no shield)
rNeg    . . .      Spirit   .   (helmet restricted)
rPois   .          Reflect  .   d - amulet of the acrobat
rElec   .          Harm     .   u - ring of fire
rCorr   .          Rampage  .   (no ring)
Will    .....                   (no ring)
Stlth   +++.......              (no ring)
HPRegen 0.13/turn               (no ring)
MPRegen 0.13/turn               (no ring)
                                (no ring)
                                (no ring)

@: very slightly contaminated, slowed, very slow
A: almost no armour, amphibious, 8 rings, camouflage 1, gelatinous body 1,
(nimble swimmer 1), tentacles
a: no special abilities


You were on level 6 of the Dungeon.
You visited 1 branch of the dungeon, and saw 6 of its levels.

You collected 296 gold pieces.

Inventory:

Hand Weapons
 j - a +2 dagger of venom
Missiles
 v - a throwing net
Magical Staves
 q - a staff of conjuration (weapon)
Jewellery
 d - an amulet of the acrobat (around mantle)
 u - a ring of fire (left tentacle)
Scrolls
 e - 3 scrolls of immolation {unknown}
 f - a scroll of amnesia {unknown}
 g - a scroll of enchant armour {unknown}
 i - 2 scrolls of enchant weapon {unknown}
 k - 3 scrolls of magic mapping {unknown}
 l - a scroll of vulnerability {unknown}
 n - 3 scrolls of teleportation {unknown}
 o - 4 scrolls of identify {unknown}
 r - a scroll of noise {unknown}
 t - 2 scrolls of fog {unknown}
 w - a scroll of acquirement {unknown}
Potions
 b - a potion of haste {unknown}
 c - 3 potions of degeneration
 h - 2 potions of curing {unknown}
 m - 2 potions of brilliance {unknown}
 p - 3 potions of mutation {unknown}
 s - 2 potions of heal wounds {unknown}


   Skills:
 + Level 0.2 Fighting
 - Level 2.0 Dodging
 - Level 3.0 Stealth
 - Level 4.0 Spellcasting
 - Level 8.0 Conjurations
 - Level 2.0 Translocations
 - Level 0.2 Evocations


You had 9 spell levels left.
You knew the following spells:

 Your Spells              Type           Power      Damage    Failure   Level
a - Magic Dart            Conj           100%       1d8       1%          1
b - Iskenderun's Mystic   Conj/Tloc      36%        2d9       16%         4

Your spell library contained the following spells:

 Spells                   Type           Power      Damage    Failure   Level
 Searing Ray              Conj           100%       2d8       1%          2
 Dazzling Flash           Conj/Hex       60%        N/A       8%          3
 Sublimation of Blood     Necr           4%         N/A       19%         2
 Wereblood                Tmut           4%         N/A       19%         2
 Fulminant Prism          Conj/Hex       15%        3d11      24%         4
 Summon Hydra             Summ           2%         N/A       100%        7


Dungeon Overview and Level Annotations

Branches:
Dungeon (6/15)
 Temple: D:4-7

Altars:
Elyvilon

Portals:
Ossuary: D:6

Annotations:
D:2 Sigmund
D:5 Dowan, Duvessa


Innate Abilities, Weirdness & Mutations

You cannot wear most types of armour.
You are amphibious.
You can wear up to eight rings at the same time.
Your skin changes colour to match your surroundings (Stealth+).
Your rubbery body absorbs attacks. (AC +1, EV +1)
((You are camouflaged when in or above water. (Stealth+)))
You have tentacles for arms and can constrict up to eight enemies at once.


Message History

Confirm with . or Enter, or press ? or * to list all spells.
The spell is quite dangerous to miscast (14% risk of failure)!
Continue anyway?
You feel a surge of power!
You miscast Iskenderun's Mystic Blast.
Nothing appears to happen.
The wraith misses you. The wraith hits you!
Unknown command.
Unknown command.
Casting: Iskenderun's Mystic Blast (quite dangerous; 14% risk of failure)
Confirm with . or Enter, or press ? or * to list all spells.
The spell is quite dangerous to miscast (14% risk of failure)!
Continue anyway?
You feel a surge of power!
You erupt in a blast of force!
The mystic blast hits the wraith!
The wraith is moderately damaged.
The wraith is knocked back by the mystic blast.
Unknown command.
Casting: Iskenderun's Mystic Blast (quite dangerous; 14% risk of failure)
Confirm with . or Enter, or press ? or * to list all spells.
The spell is quite dangerous to miscast (14% risk of failure)!
Continue anyway?
You feel a surge of power!
You miscast Iskenderun's Mystic Blast.
Nothing appears to happen.
You are too injured to fight recklessly!
Casting: Iskenderun's Mystic Blast (quite dangerous; 14% risk of failure)
Confirm with . or Enter, or press ? or * to list all spells.
Aiming: Magic Dart (safe; 1% risk of failure)
Press: ? - help, Shift-Dir - straight line, f/p - wraith
Aim: a wraith (moderately damaged, 100% to hit)
You feel a surge of power!
The magic dart hits the wraith but does no damage.
The wraith is moderately damaged.
The wraith hits you!
* * * LOW HITPOINT WARNING * * *
The wraith drains your vigour!
You feel as though you will be slow longer.
The wraith hits you.
* * * LOW HITPOINT WARNING * * *
Unknown command.
It was a potion of degeneration.
There was something very wrong with that liquid.
You feel weakened.
You feel dopey.
You feel clumsy. The wraith hits you!
You die...

#...............
#...#
#...............
#...............
#...###..######+
# #...###..# #.
#....#...+ #.
#....#...# #.
#....'...# #.
#....#..@# #.
##..###.W# . #.
######..##....
##. +..........
.... #..........
.##. #..........
. #. ....##.....
#. .∩...# .....
#. ......# .##.


You could see a wraith.

Vanquished Creatures
  Grinder (D:5)
  A howler monkey (D:4)
  2 jellies
  A hound (D:6)
  Jessica (D:2)
  3 iguanas
  3 orc wizards (D:5)
  A hound zombie (D:3)
  3 gnolls (D:3)
  8 adders
  A shadow imp (D:6)
  A white imp (D:6)
  3 worms
  4 dart slugs
  10 orcs
  5 bats
  8 endoplasms
  2 giant cockroaches (D:1)
  3 goblins
  6 hobgoblins
  11 jackals
  4 quokkas
  9 ball pythons
  2 ball python skeletons (D:3)
  5 frilled lizards
  A goblin zombie (D:6)
  A jackal zombie (D:6)
  7 kobolds
  An orc zombie (D:6)
  A quokka skeleton (D:3)
  A quokka zombie (D:3)
  4 rats
114 creatures vanquished.

Vanquished Creatures (others)
  8 plants (D:2)
  11 withered plants (D:2)
19 creatures vanquished.

Grand Total: 133 creatures vanquished

Notes
Turn   | Place    | Note
-------+----------+-------------------------------------------
     0 | D:1      | raistware the Octopode Conjurer began the quest for the
                  | Orb.
     0 | D:1      | Reached XP level 1. HP: 11/11 MP: 3/3
   152 | D:1      | Reached XP level 2. HP: 16/17 MP: 1/5
  1026 | D:1      | Reached XP level 3. HP: 21/21 MP: 3/7
  1723 | D:2      | Noticed Sigmund
  1775 | D:2      | Noticed Jessica
  1812 | D:2      | Killed Jessica
  1813 | D:2      | Reached XP level 4. HP: 21/27 MP: 10/10
  1818 | D:2      | Learned a level 4 spell: Iskenderun's Mystic Blast
  2012 | D:2      | Reached skill level 1 in Translocations
  2265 | D:2      | Reached XP level 5. HP: 31/31 MP: 11/11
  2355 | D:2      | Found a faded altar of an unknown god.
  3536 | D:3      | Reached skill level 5 in Conjurations
  4157 | D:4      | Reached XP level 6. HP: 36/36 MP: 6/12
  4962 | D:5      | Entered Level 5 of the Dungeon
  5212 | D:5      | Noticed Grinder
  5241 | D:5      | Found a white marble altar of Elyvilon.
  5265 | D:5      | Reached skill level 6 in Conjurations
  5312 | D:5      | Killed Grinder
  5313 | D:5      | Reached skill level 7 in Conjurations
  5313 | D:5      | Reached XP level 7. HP: 33/41 MP: 2/13
  5688 | D:5      | Noticed Duvessa
  5962 | D:5      | Noticed Dowan
  6134 | D:6      | Reached skill level 8 in Conjurations
  6207 | D:6      | Found a sand-covered staircase.
  6209 | D:6      | Noticed a wraith
  6313 | D:6      | HP: 1/41 [wraith (4)]
  6314 | D:6      | Mangled by a wraith

Illustrated notes

Levels and vault maps discovered:
D:1:      eino_arrival_water_cross, layout_basic
D:2:      layout_loops_ring, shapermc_ecumenical_altar_flowoftime,
          minmay_pentomino_z4, uniq_jessica, uniq_sigmund
D:3:      layout_basic, serial_undead, serial_undead_b, serial_undead_c,
          serial_undead_e, serial_undead_d, serial_undead_f
D:4:      layout_cave_pods
D:5:      layout_basic, mainiacjoe_overflow_paths, uniq_grinder, uniq_duvessa
D:6:      layout_gridville, minitemple, enter_ossuary_3

Skill      XL: |  1  2  3  4  5  6  7 |
---------------+----------------------+-----
Spellcasting   | 3 4 |  4.0
Translocations | 1 2 |  2.0
Stealth        | 3 |  3.0
Conjurations   | 5 7 8 |  8.0
Fighting       | |  0.2
Dodging        | |  2.0
Evocations     | |  0.2

Action                   |  1- 3 |  4- 6 |  7- 9 || total
-------------------------+-------+-------+-------++-------
Melee: Unarmed           |    28 |       |       ||    28
       Constrict         |     7 |    28 |     2 ||    37
       Tentacles         |     9 |    14 |     5 ||    28
       Dagger            |    12 |    46 |       ||    58
       Staff             |       |    10 |    13 ||    23
       Punch             |       |       |     1 ||     1
 Cast: Magic Dart        |    54 |   131 |    53 ||   238
       Iskenderun's Myst |       |     5 |     1 ||     6
  Use: Potion            |       |     1 |     2 ||     3
 Stab: Sleeping          |     5 |     6 |       ||    11
Armor: Skin              |     7 |     3 |       ||    10
Dodge: Dodged            |    33 |    18 |    17 ||    68
